 Dungeon Crawl Stone Soup version 0.29-a0-322-g68df515428 (webtiles) character file.

Game seed: 9594064010618490113

127 SkeletonJelly the Slasher (level 4, -1/36 (39) HPs)
             Began as a Draconian Monk on Apr 9, 2022.
             Was a Priest of Elyvilon.
             Slain by an orc
             ... wielding a +0 short sword
              (5 damage)
             ... on level 3 of the Dungeon.
             The game lasted 00:03:15 (2671 turns).

SkeletonJelly the Slasher (Draconian Monk)          Turns: 2671, Time: 00:03:16

HP:   -1/36 (39)    AC:  5    Str: 16    XL:     4   Next: 85%
MP:   5/5           EV: 12    Int: 10    God:    Elyvilon [***...]
Gold: 91            SH:  0    Dex: 13    Spells: 3/3 levels left

rFire   . . .      SeeInvis .   a - +0 falchion
rCold   . . .      Faith    .   (no shield)
rNeg    . . .      Spirit   .   (body armour unavailable)
rPois   .          Reflect  .   (helmet restricted)
rElec   .          Harm     .   (no cloak)
rCorr   .          Rampage  .   (no gloves)
Will    .....                   (no boots)
Stlth   ++........              (no amulet)
HPRegen 0.12/turn               (no ring)
MPRegen 0.09/turn               (no ring)

@: drained
A: AC +5, unfitting armour, cold-blooded
a: Renounce Religion, Purification, Heal Other, Heal Self


You were on level 3 of the Dungeon.
You worshipped Elyvilon.
Elyvilon was most pleased with you.
You visited 1 branch of the dungeon, and saw 3 of its levels.

You collected 91 gold pieces.

Inventory:

Hand Weapons
 a - a +0 falchion (weapon)
Missiles
 c - 4 curare-tipped darts (quivered)
Scrolls
 d - 2 scrolls of enchant weapon {unknown}
 e - a scroll of summoning {unknown}
 f - a scroll of enchant armour {unknown}
 g - a scroll of identify {unknown}
 i - 4 scrolls of teleportation {unknown}
 k - a scroll of vulnerability {unknown}
Potions
 b - 2 potions of ambrosia
 h - a potion of lignification {unknown}
 j - a potion of heal wounds {unknown}
 l - a potion of flight {unknown}


   Skills:
 - Level 3.6 Fighting
 * Level 4.9 Long Blades
 - Level 2.6 Dodging
 - Level 1.7 Stealth
 + Level 2.2 Invocations


You had 3 spell levels left.
You didn't know any spells.
Your spell library contained the following spells:

 Spells                   Type           Power      Damage    Failure   Level
 Magic Dart               Conj           0%         1d3       36%         1
 Slow                     Hex            0%         N/A       36%         1
 Searing Ray              Conj           0%         2d4       50%         2
 Confusing Touch          Hex            0%         N/A       75%         3
 Vampiric Draining        Necr           0%         2d6       75%         3
 Fulminant Prism          Conj/Hex       0%         3d6       98%         4


Dungeon Overview and Level Annotations

Branches:
Dungeon (3/15)

Altars:
Elyvilon


Innate Abilities, Weirdness & Mutations

Your plain brown scales are hard. (AC +5)
You cannot fit into any form of body armour.
You are cold-blooded and may be slowed by cold attacks.


Message History

You kill the orc wizard!
The orc hits you but does no damage.
Things that are here:
a +0 dagger; a +0 robe; an orc corpse The orc shouts! x2
You slash the orc!
You kill the orc!
The orc hits you but does no damage.
Things that are here:
a +0 whip; an orc corpse You hit the orc but do no damage.
The orc hits you with a +0 club.
You take 5 damage, and have 34/39 hp.
You hit the orc.
The orc is heavily wounded.
The orc hits you with a +0 club.
You take 2 damage, and have 32/39 hp.
You barely miss the orc. You tail-slap the orc.
You kill the orc!
You closely miss the frilled lizard. You tail-slap the frilled lizard.
You kill the frilled lizard!
You hit the orc. You tail-slap the orc.
The orc is almost dead.
The orc barely misses you.
You slash the orc!
You kill the orc!
No target in view!
No target in view!
No target in view!
No target in view!
No target in view!
c - 5 curare-tipped darts (gained 1)
Items here: )) [ ††.
Health restored: 39
Things that are here:
a +0 whip; an orc corpse
Things that are here:
a +0 dagger; a +0 robe; an orc corpse
l - a brown potion An iguana comes into view.
The iguana hisses angrily.
The iguana moves out of view.
An orc comes into view.
It is wielding a +3 short sword of venom.
There are monsters nearby!
There are monsters nearby!
You throw a curare-tipped dart. The curare-tipped dart hits the iguana.
The iguana is poisoned.
The iguana convulses.
The iguana seems to slow down.
The iguana is heavily wounded.
An orc comes into view. It is wielding a +1 flail of draining.
The orc shouts!
You barely miss the iguana. You tail-slap the iguana.
The iguana is almost dead.
The iguana bites you but does no damage.
You closely miss the iguana.
The iguana is almost dead.
You kill the iguana!
Your Invocations skill increases to level 2!
An orc comes into view. It is wielding a +0 short sword.
You see here an iguana corpse.
The orc shouts!
The orc completely misses you.
The orc hits you with a +3 short sword of venom!
You are poisoned.
You take 7 damage, and have 32/39 hp.
You completely miss the orc. You tail-slap the orc.
The orc is moderately wounded.
You feel very sick.
The orc hits you with a +1 flail of draining.
You feel drained.
The orc hits you with a +3 short sword of venom.
You are more poisoned.
You take 6 damage, and have 26/38 hp.
The orc attacks as you move away!
The orc hits you with a +1 flail of draining.
You feel drained.
You feel very sick.
You see here an iguana corpse.
You take 9 damage, and have 17/37 hp.
MASSIVE DAMAGE!!
The orc attacks as you move away! The orc closely misses you.
You feel very sick.
You take 3 damage, and have 14/37 hp.
The orc attacks as you move away! The orc misses you.
You feel sick.
You take 2 damage, and have 12/37 hp.
You feel sick.
You take 2 damage, and have 10/37 hp.
The orc attacks as you move away! The orc hits you but does no damage.
You feel drained.
You feel sick.
The orc throws a boomerang.
The boomerang barely misses you.
You take 2 damage, and have 8/36 hp.
You feel sick.
The orc throws a boomerang.
The boomerang barely misses you.
You take 1 damage, and have 7/36 hp.
You feel sick.
The orc throws a boomerang.
The boomerang barely misses you.
You take 1 damage, and have 6/36 hp.
You feel sick.
You take 1 damage, and have 5/36 hp.
You feel sick.
You take 1 damage, and have 4/36 hp.
You feel sick.
You are no longer poisoned.
The orc attacks as you move away! The orc hits you with a +0 short sword.
You die...

.. .....#..##........
.##.######..##..######
.......###......#
#.....)))....#.#
.......###....#.#
.#..#.........#.# #.
#.####.####.#
..####......#####
##.#..@..........## #
#.##o###........
#.#.o.......#.#
#......#......#
.######.#.o..#
........†.(..#
#######..........
#.###.####. ### ##


You could see 2 orcs.

Vanquished Creatures
  An iguana (D:3)
  An orc wizard (D:3)
  4 adders
  A worm (D:2)
  4 orcs (D:3)
  3 ball pythons (D:1)
  An endoplasm (D:1)
  A giant cockroach (D:2)
  3 goblins
  4 hobgoblins
  3 quokkas
  4 bats
  2 frilled lizards
  3 kobolds
  5 rats
40 creatures vanquished.

Vanquished Creatures (others)
  A plant (D:1)
1 creature vanquished.

Grand Total: 41 creatures vanquished

Notes
Turn   | Place    | Note
-------+----------+-------------------------------------------
     0 | D:1      | SkeletonJelly the Draconian Monk began the quest for the
                  | Orb.
     0 | D:1      | Reached XP level 1. HP: 19/19 MP: 1/1
   240 | D:1      | Reached XP level 2. HP: 20/26 MP: 2/2
   855 | D:1      | Found a faded altar of an unknown god.
   861 | D:1      | Prayed at the altar of an unknown god.
   861 | D:1      | Became a worshipper of Elyvilon the Healer
   861 | D:1      | Reached * piety under Elyvilon
   861 | D:1      | Reached ** piety under Elyvilon
  1132 | D:2      | Reached *** piety under Elyvilon
  1624 | D:2      | Reached skill level 4 in Long Blades
  1624 | D:2      | Reached XP level 3. HP: 26/31 MP: 3/3
  1777 | D:2      | Reached skill level 1 in Invocations
  2460 | D:3      | Reached XP level 4. HP: 32/39 MP: 5/5
  2671 | D:3      | Slain by an orc

Illustrated notes

Levels and vault maps discovered:
D:1:      lightli_arrival_maybe_door_vault, layout_rooms,
          shapermc_ecumenical_altar_petra
D:2:      layout_loops_corners
D:3:      layout_basic, st_stairs_12

Skill      XL: |  1  2  3  4 |
---------------+-------------+-----
Long Blades    | 4 |  4.9
Invocations    | 1 2 |  2.2
Fighting       | |  3.6
Dodging        | |  2.6
Stealth        | |  1.7

Action                   |  1- 3 |  4- 6 || total
-------------------------+-------+-------++-------
Melee: Falchion          |   121 |    27 ||   148
       Tailslap          |    15 |     5 ||    20
       Punch             |     1 |     1 ||     2
Throw: Dart              |     3 |     2 ||     5
 Stab: Sleeping          |     5 |       ||     5
       Distracted        |     1 |       ||     1
Armor: Skin              |    30 |    11 ||    41
Dodge: Dodged            |    87 |    15 ||   102

Table legend: (Time is in decaauts)
 A = Elapsed time spent in this place.
 B = Non-inter-level travel time spent in this place.
 C = Inter-level travel time spent in this place.
 D = Time resting spent in this place.
 E = Time spent auto-exploring this place.
 F = Levels seen in this place.
 G = Mean time per level.
                   A        B        C        D        E       F      G
               +--------+--------+--------+--------+--------+-----+--------+
         Total |   2691 |   2618 |     73 |      0 |   2235 |   3 |  897.0 |
       Dungeon |   2691 |   2618 |     73 |      0 |   2235 |   3 |  897.0 |
               +--------+--------+--------+--------+--------+-----+--------+

Top non-repeatable levels by time:
     D:2: 1412 daAuts
     D:1: 880 daAuts
     D:3: 398 daAuts
